 Dungeon Crawl Stone Soup version 0.22-a0-348-gd16d139 (webtiles) character file.

3846 b5mith the Fighter (level 9, -3/138 HPs)
             Began as a Minotaur Berserker on Apr 10, 2018.
             Was an Elder of Trog.
             Slain by a hornet (11 damage)
             ... on level 8 of the Dungeon.
             The game lasted 00:15:12 (7629 turns).

b5mith the Fighter (Minotaur Berserker)             Turns: 7629, Time: 00:15:13

Health: -3/138     AC:  8    Str: 29    XL:     9   Next: 98%
Magic:  8/8        EV:  9    Int:  4    God:    Trog [****..]
Gold:   278        SH:  4    Dex: 11    Spells: 8/8 levels left

rFire    + . .     SeeInvis .   a - +0 scythe
rCold    + . .     Gourm    .   (shield currently unavailable)
rNeg     + . .     Faith    .   k - +0 chain mail
rPois    +         Spirit   .   (helmet restricted)
rElec    .         Reflect  .   G - scarf {rC+ rF+}
rCorr    .         Harm     .   (no gloves)
MR       .....                  (no boots)
Stlth    ..........             (no amulet)
HPRegen  0.33/turn              w - ring of positive energy
MPRegen  0.11/turn              A - ring of poison resistance

@: berserking, lethally poisoned (-3 -> -11), very quick
A: retaliatory headbutt, hooves 1, horns 2, large bone plates 1
a: Berserk, Trog's Hand, Brothers in Arms, Renounce Religion


You were on level 8 of the Dungeon.
You worshipped Trog.
Trog was greatly pleased with you.
You were near starving.

You visited 1 branch of the dungeon, and saw 8 of its levels.

You collected 278 gold pieces.

Inventory:

Hand Weapons
 a - a +0 scythe (weapon)
   (You took it off Sigmund on level 5 of the Dungeon)
 b - a +0 hunting sling
   (You took it off a goblin on level 3 of the Dungeon)
 u - a +0 falchion
Missiles
 o - 39 sling bullets
Armour
 k - a +0 chain mail (worn)
   (You found it on level 2 of the Dungeon)
 q - a +0 animal skin
 G - a scarf of resistance (worn)
   (You found it on level 6 of the Dungeon)
 M - a +0 cloak of invisibility
   (You took it off Crazy Yiuf on level 7 of the Dungeon)
Jewellery
 e - a +3 ring of intelligence
   (You found it on level 1 of the Dungeon)
 w - a ring of positive energy (left hand)
   (You found it on level 4 of the Dungeon)
 A - a ring of poison resistance (right hand)
   (You found it on level 7 of the Dungeon)
Wands
 v - a wand of clouds (5)
   (You found it on level 4 of the Dungeon)
 B - a wand of paralysis (19)
   (You found it on level 5 of the Dungeon)
 C - a wand of digging (29)
   (You took it off Ijyb on level 5 of the Dungeon)
 I - a wand of flame (39)
   (You found it on level 7 of the Dungeon)
 J - a wand of enslavement (10)
   (You took it off an orc priest on level 7 of the Dungeon)
Scrolls
 g - a scroll of blinking {unknown}
 h - a scroll of identify {@r1}
 l - a scroll of noise {unknown}
 m - a scroll of remove curse {unknown}
 n - a scroll of magic mapping {unknown}
 p - 2 scrolls of enchant weapon {unknown}
 r - 4 scrolls of teleportation
 t - a scroll of fear {unknown}
 y - a scroll of amnesia {unknown}
 E - 2 scrolls of random uselessness {unknown}
 F - 2 scrolls of fog {unknown}
 H - a scroll of immolation {unknown}
 L - a scroll of brand weapon {unknown}
Potions
 d - 4 potions of heal wounds
 f - a potion of haste
 i - 2 potions of curing {unknown}
 j - a potion of cancellation {unknown}
 s - 2 potions of flight {unknown}
 x - 2 potions of lignification {unknown}
 z - 4 potions of mutation {!q}
 D - a potion of agility {unknown}
 K - a potion of magic {unknown}
Comestibles
 c - 16 rations
 N - 4 chunks of flesh


   Skills:
 + Level 12.9 Fighting
 - Level 3.6 Long Blades
 * Level 11.1 Polearms
 - Level 2.4 Armour
 - Level 2.1 Dodging


You had 8 spell levels left.
You didn't know any spells.

Dungeon Overview and Level Annotations

Branches:
Dungeon (8/15)             Temple (0/1) D:7
   Lair: D:8-11

Altars:
Ashenzari
Cheibriados
Elyvilon
Fedhas
Kikubaaqudgha
Nemelex Xobeh
Qazlal
Ru
Sif Muna
Trog
Vehumet
Wu Jian
Xom
Yredelemnul
Zin

Shops:
D:7 *


Innate Abilities, Weirdness & Mutations

You reflexively headbutt those who attack you in melee.
You have a pair of horns on your head.
You have large cloven feet.
You are partially covered in large bone plates. (SH +4)


Message History

Trog accepts your kill.
You now have 278 gold pieces (gained 7).
Items here: ))) [[ †† You feel sick.
You butcher the orc corpse.
N - 4 chunks of flesh (gained 3)
Items here: ))) [[ † You start resting.
You feel sick. x2
You are no longer poisoned.
You start resting.
A hornet comes into view.
Attack whom?
Press: ? - help, Dir - move target cursor, f - hornet
Aim: a hornet (hasn't noticed you)
You reach to attack!
You hit the hornet but do no damage. The hornet stings you!
You are poisoned.
The hornet barely misses you. You furiously retaliate!
You headbutt the hornet, but do no damage.
You closely miss the hornet. You headbutt the hornet.
The hornet is lightly wounded.
You feel sick. The hornet stings you!
* * * LOW HITPOINT WARNING * * *
The hornet stings you.
* * * LOW HITPOINT WARNING * * *
You feel yourself slow down.
You are too injured to fight recklessly!
You miss the hornet. Your kick misses the hornet.
The hornet is lightly wounded.
You feel yourself speed up.
You feel sick. The hornet stings you!
* * * LOW HITPOINT WARNING * * *
The hornet stings you.
* * * LOW HITPOINT WARNING * * *
You are more poisoned.
The hornet stings you!
* * * LOW HITPOINT WARNING * * *
A red film seems to cover your vision as you go berserk!
You feel yourself moving faster!
You feel mighty!
You are near starving!
You feel sick. The hornet stings you.
* * * LOW HITPOINT WARNING * * *
You slice the hornet!! Your kick misses the hornet.
The hornet is severely wounded.
* * * LOW HITPOINT WARNING * * *
You feel sick.
The hornet stings you but does no damage.
The hornet stings you!
You die...

o# # ##(#
#.###(.
..#.....##
#........###
#.###.#..<.#
.. ###>.# #..
##.#######..#
...
#.y@........
.#
#.######..##
#.## #..## .#
##..# #.#
##.## #.#
#..# #.#
##.###.#
.####..##.##


You could see a hornet.

Vanquished Creatures
  The ghost of BaronVonScrub the Chopper, a novice VSBe of Trog (D:5)
  2 hippogriffs (D:7)
  Sigmund (D:5)
  A human (D:7)
  A yak (D:7)
  3 hogs (D:7)
  Edmund (D:6)
  A water moccasin (D:5)
  An orc warrior (D:7)
  3 ice beasts
  2 sky beasts
  2 ogres
  A centaur (D:6)
  The ghost of binmo the Sneak, an amateur OpMo (D:3)
  3 bullfrogs
  2 scorpions
  A water moccasin skeleton (D:6)
  3 crimson imps
  2 hounds (D:6)
  Crazy Yiuf (D:7)
  A jelly (D:6)
  A bullfrog skeleton (D:4)
  4 orc priests
  Ijyb (D:5)
  9 orc wizards
  3 worker ants
  A hound zombie (D:6)
  A howler monkey zombie (D:5)
  5 adders
  2 shadow imps (D:5)
  2 adder skeletons
  4 worms
  A dart slug (D:1)
  2 leopard geckos (D:6)
  29 orcs
  2 giant cockroaches
  8 goblins
  7 hobgoblins
  4 jackals
  3 quokkas
  4 ball pythons (D:3)
  3 bats
  3 frilled lizards
  6 kobolds
  7 rats
146 creatures vanquished.

Vanquished Creatures (others)
  A human (D:5)
  3 plants (D:3)
4 creatures vanquished.

Grand Total: 150 creatures vanquished

Notes
Turn   | Place    | Note
-------+----------+-------------------------------------------
     0 | D:1      | b5mith the Minotaur Berserker began the quest for the Orb.
     0 | D:1      | Reached XP level 1. HP: 19/19 MP: 0/0
   137 | D:1      | Reached skill level 4 in Fighting
   239 | D:1      | Reached XP level 2. HP: 17/28 MP: 1/1
   721 | D:2      | Found a radiant altar of Vehumet.
  1195 | D:2      | Reached skill level 5 in Fighting
  1509 | D:2      | Found a faded altar of an unknown god.
  1692 | D:3      | Reached XP level 3. HP: 36/36 MP: 2/2
  1782 | D:3      | Found a deep blue altar of Sif Muna.
  1783 | D:3      | Found a shimmering altar of Xom.
  1783 | D:3      | Found a sacrificial altar of Ru.
  1793 | D:3      | Found a basalt altar of Yredelemnul.
  1795 | D:3      | Found a stormy altar of Qazlal.
  1796 | D:3      | Found a snail-covered altar of Cheibriados.
  1827 | D:3      | Reached skill level 6 in Fighting
  1827 | D:3      | Reached XP level 4. HP: 44/44 MP: 3/3
  1894 | D:3      | Noticed binmo's ghost (amateur OpMo)
  1901 | D:3      | Reached ** piety under Trog
  1912 | D:3      | Killed binmo's ghost
  1912 | D:3      | Reached skill level 7 in Fighting
  1912 | D:3      | Reached XP level 5. HP: 52/52 MP: 4/4
  2966 | D:4      | Found a shattered altar of Ashenzari.
  3030 | D:4      | Found a blossoming altar of Fedhas.
  3273 | D:4      | Reached skill level 8 in Fighting
  3440 | D:4      | Reached XP level 6. HP: 61/61 MP: 5/5
  3860 | D:5      | Entered Level 5 of the Dungeon
  3885 | D:5      | Noticed BaronVonScrub's ghost (novice VSBe)
  3896 | D:5      | Killed BaronVonScrub's ghost
  3896 | D:5      | Reached skill level 9 in Fighting
  3896 | D:5      | Reached XP level 7. HP: 71/71 MP: 6/6
  3925 | D:5      | Noticed Sigmund
  3927 | D:5      | Reached skill level 10 in Fighting
  3942 | D:5      | Killed Sigmund
  4006 | D:5      | Found a bloodstained altar of Trog.
  4483 | D:5      | Reached XP level 8. HP: 73/81 MP: 7/7
  4561 | D:5      | Noticed Ijyb
  4563 | D:5      | Killed Ijyb
  4595 | D:5      | Found an ancient bone altar of Kikubaaqudgha.
  4778 | D:5      | Gained mutation: You have large cloven feet. [potion of mutation]
  4778 | D:5      | Gained mutation: You are partially covered in large bone plates. (SH +4) [potion of mutation]
  4791 | D:5      | Reached skill level 11 in Fighting
  4934 | D:5      | Found a white marble altar of Elyvilon.
  5204 | D:6      | Reached skill level 5 in Polearms
  5223 | D:6      | Found a sparkling altar of Nemelex Xobeh.
  5274 | D:6      | Reached *** piety under Trog
  5545 | D:6      | Noticed Edmund
  5568 | D:6      | Killed Edmund
  5730 | D:6      | Reached XP level 9. HP: 90/90 MP: 8/8
  6043 | D:7      | Reached skill level 12 in Fighting
  6052 | D:7      | Found Zin's Purification Station.
  6074 | D:7      | Found a glowing silver altar of Zin.
  6427 | D:7      | Found an ornate altar of the Wu Jian Council.
  6888 | D:7      | Found a staircase to the Ecumenical Temple.
  6983 | D:7      | Reached skill level 10 in Polearms
  7451 | D:7      | Found a runed door.
  7456 | D:7      | Noticed Crazy Yiuf
  7462 | D:7      | Killed Crazy Yiuf
  7587 | D:8      | Reached **** piety under Trog
  7629 | D:8      | Slain by a hornet

Vault maps used:
D:1:      nzn_arrival_crosshair
D:2:      fiery_altar_vehumet, chequers_ecumenical_altar_grove
D:3:      minitemple, kennysheep_big_empty_room, serial_bayou_lagoon_a,
          minmay_stone_trees_small
D:4:      ashenzari_conservatory_becter, nicolae_overflow_crystal_walls
D:5:      bloody_trog, overflow_temple_1_default, first_ration,
          tgw_kikubaaqudgha, uniq_sigmund, uniq_ijyb
D:6:      nemelex_xobeh_ov_fountains_minmay, uniq_edmund
D:7:      kennysheep_mini, zin_purify, minmay_temple_entry_fiery,
          grunt_livestock, uniq_crazy_yiuf_cottage
D:8:      david_lair_generic, uniq_psyche, uniq_pikel

Skill      XL: |  1  2  3  4  5  6  7  8  9 |
---------------+----------------------------+-----
Fighting       | 4 5 6 7 8 9 10 11 12 | 12.9
Polearms       | 3 7 11 | 11.1
Long Blades    | |  3.6
Armour         | |  2.4
Dodging        | |  2.1

Action                   |  1- 3 |  4- 6 |  7- 9 || total
-------------------------+-------+-------+-------++-------
Melee: Falchion          |    72 |    74 |    16 ||   162
       Headbutt          |     7 |    17 |    49 ||    73
       Scythe            |       |       |   211 ||   211
       Kick              |       |       |    64 ||    64
 Fire: Hunting sling     |       |    35 |    97 ||   132
Invok: Berserk           |       |     2 |     4 ||     6
  Use: Scroll            |       |       |     4 ||     4
       Potion            |       |       |     2 ||     2
 Stab: Sleeping          |     1 |       |       ||     1
  Eat: Chunk             |     3 |     7 |    12 ||    22
       Ration            |       |       |     1 ||     1
Armor: Animal skin       |     2 |       |       ||     2
       Chain mail        |    18 |    37 |   148 ||   203
Dodge: Dodged            |    29 |    23 |   101 ||   153
Block: Other             |       |       |    46 ||    46
       Rpst.: Falchion   |     9 |     3 |       ||    12

Table legend:
 A = Spawn XP
 B = Non-spawn XP
 C = Spawn XP percentage of total XP
 D = Spawn monster count
 E = Non-spawn monster count
 F = Spawn count percentage of total count
 G = Total turns spent on level
                    A         B        C        D         E        F      G
               +---------+---------+-------+---------+---------+-------+---------
         Total |       0 |    5495 |   0.0 |       0 |     146 |   0.0 |  7629
               +---------+---------+-------+---------+---------+-------+---------
           D:1 |       0 |      24 |   0.0 |       0 |      14 |   0.0 |   687
           D:2 |       0 |      12 |   0.0 |       0 |       8 |   0.0 |   883
           D:3 |       0 |     266 |   0.0 |       0 |      34 |   0.0 |  1313
           D:4 |       0 |     126 |   0.0 |       0 |       6 |   0.0 |   977
           D:5 |       0 |    1137 |   0.0 |       0 |      20 |   0.0 |  1278
           D:6 |       0 |    1234 |   0.0 |       0 |      30 |   0.0 |   856
           D:7 |       0 |    2420 |   0.0 |       0 |      28 |   0.0 |  1557
           D:8 |       0 |     276 |   0.0 |       0 |       6 |   0.0 |    78
               +---------+---------+-------+---------+---------+-------+---------
